 Dungeon Crawl Stone Soup version 0.32-a0-630-g46d191b0ed (webtiles) character file.

Game seed: 2832315913268200450

115 Dittersdorf the Trooper (level 5, 0/33 HPs)
             Began as a Gargoyle Fighter on Mar 6, 2024.
             Killed by nerve-wracking pain
             ... invoked by an orc priest
              (3 damage)
             ... on level 2 of the Dungeon.
             The game lasted 00:01:24 (1626 turns).

Dittersdorf the Trooper (Gargoyle Fighter)          Turns: 1626, Time: 00:01:25

Health: 0/33       AC: 14    Str: 21    XL:     5   Next: 0%
Magic:  5/5        EV:  8    Int:  9    God:
Gold:   88         SH:  9    Dex:  9    Spells: 4/4 levels left

rFire   . . .        a - +0 flail
rCold   . . .        c - +0 buckler
rNeg    + . .        p - +0 chain mail
rPois   ∞            o - +0 helmet
rElec   +            (no cloak)
rCorr   .            (no gloves)
SInv    .            (no boots)
Will    .....        l - amulet of reflection Stlth
                     (no ring)
HPRegen 0.25/turn    (no ring)
MPRegen 0.09/turn

%: reflection
@: no status effects
A: sickness immunity, AC +4, negative energy resistance 1, electricity
resistance, torment resistance 1, petrification resistance
a: Convert to Beogh


You were on level 2 of the Dungeon.
You visited 1 branch of the dungeon, and saw 3 of its levels.

You collected 88 gold pieces.

Inventory:

Hand Weapons
 a - a +0 flail (weapon)
Armour
 c - a +0 buckler (worn)
 o - a +0 helmet (worn)
 p - a +0 chain mail (worn)
Jewellery
 l - an amulet of reflection (around neck)
Wands
 n - a wand of polymorph (10)
Scrolls
 e - a scroll of amnesia {unknown}
 g - 2 scrolls of identify {unknown}
 i - 2 scrolls of revelation {unknown}
 k - a scroll of fear {unknown}
 m - a scroll of poison {unknown}
 q - a scroll of immolation {unknown}
 r - 2 scrolls of teleportation {unknown}
Potions
 b - a potion of haste {unknown}
 d - a potion of might
 f - a potion of mutation {unknown}
 h - 2 potions of ambrosia {unknown}
 j - a potion of curing {unknown}
 s - a potion of berserk rage {unknown}


   Skills:
 + Level 4.1 Fighting
 + Level 3.0 Maces & Flails
 + Level 4.1 Armour
 + Level 4.1 Shields


You had 4 spell levels left.
You didn't know any spells.
Your spell library contained the following spells:

 Spells                   Type           Power      Damage    Failure   Level
 Fugue of the Fallen      Necr           0%         N/A       100%        3
 Ozocubu's Armour         Ice            0%         N/A       100%        3
 Animate Dead             Necr           0%         N/A       100%        4
 Manifold Assault         Tloc           0%         N/A       100%        4
 Borgnjor's Vile Clutch   Necr/Erth      0%         N/A       100%        5
 Death Channel            Necr           0%         N/A       100%        6


Dungeon Overview and Level Annotations

Branches:
Dungeon (3/15)

Altars:


Innate Abilities, Weirdness & Mutations

You are immune to sickness and miasma.
Your stone body is resilient. (AC +4)
You are immune to poison.
You resist negative energy. (rN+)
You are resistant to electric shocks. (rElec)
You are resistant to unholy torment.
You are immune to petrification.


Message History

There is a stone staircase leading up here.
There are monsters nearby!
You hit the orc priest.
The orc priest is lightly wounded.
The bat barely misses you. You block the orc's attack. x2
The orc priest mumbles some strange prayers to Beogh against you.
You barely resist.
The orc hits you with a +2 dagger of speed.
The bat hits you but does no damage.
The orc priest calls down the wrath of Beogh upon you.
Beogh smites you! The orc hits you but does no damage.
You block the orc's attack.
The orc priest shouts, "The Pantheon deserves no one's loyalty.
Let us show you the true path!" (press Y on the ability menu to convert to Beogh)
You climb upwards.
There is a stone staircase leading down here.
You hit the orc priest but do no damage.
The orc priest shouts, "The Pantheon deserves no one's loyalty.
Let us show you the true path!"
The orc priest is lightly wounded.
The orc hits you but does no damage.
The orc priest hits you but does no damage.
The orc hits you with a +0 flail. You block the orc's attack.
You closely miss the orc priest.
The orc priest is lightly wounded.
The orc priest shouts, "Beogh offers mercy even to people such as you.
Join us and be reborn!"
The orc priest closely misses you. You block the orc's attack.
The orc barely misses you.
The orc hits you with a +2 dagger of speed.
* * * LOW HITPOINT WARNING * * *
You block the orc's attack.
The orc priest mumbles some strange prayers to Beogh against you.
Pain shoots through your body!
* * * LOW HITPOINT WARNING * * *
The orc priest shouts, "Surrender to Beogh and we'll let you live!"
You hit the orc priest.
The orc priest is moderately wounded.
You block the orc's attack.
The orc priest calls down the wrath of Beogh upon you.
Pain shoots through your body!
You die...

####### ##.....##
##.......##
#.........# #
#.........# # ######
#.........# #
.....######..>......#
##
>.##............oo..#
##.
...########.....@o.##
#.. #..## #.........#
###.. #...#
#.........# #.^..
..#.# #.........#
####.#.. .##.#
#.).......# #.......
.##.#######.........#
##.###...
.##..<#............##
##........
.####...#####.....##
#...###... .# #..##
############..##...#<


You could see an orc priest and 2 orcs.

Vanquished Creatures
  A hound (D:2)
  Robin (D:2)
  3 adders
  A dart slug (D:1)
  A ribbon worm (D:2)
  5 endoplasms
  8 goblins
  6 hobgoblins
  A kobold (D:2)
  A quokka (D:2)
  5 ball pythons
  2 bats
  2 frilled lizards (D:3)
  4 rats (D:2)
41 creatures vanquished.

Notes
Turn   | Place    | Note
-------+----------+-------------------------------------------
     0 | D:1      | Dittersdorf the Gargoyle Fighter began the quest for the
                  | Orb.
     0 | D:1      | Reached XP level 1. HP: 14/14 MP: 1/1
    64 | D:1      | Found a faded altar of an unknown god.
   324 | D:1      | Reached XP level 2. HP: 12/19 MP: 2/2
   836 | D:2      | Reached XP level 3. HP: 23/23 MP: 3/3
   875 | D:2      | Reached XP level 4. HP: 26/29 MP: 4/4
  1107 | D:2      | Noticed Robin
  1155 | D:2      | Killed Robin
  1602 | D:3      | Reached XP level 5. HP: 33/33 MP: 5/5
  1620 | D:3      | Noticed a black bear
  1626 | D:2      | Killed from afar by an orc priest

Illustrated notes

Levels and vault maps discovered:
D:1:      minmay_arrival_wavy_path, layout_basic,
          ebering_ecumenical_altar_petrified
D:2:      layout_rooms, minmay_3d_cube, uniq_robin
D:3:      layout_rooms

Skill      XL: |  1  2  3  4 |
---------------+-------------+-----
Fighting       | 4 |  4.1
Shields        | 4 |  4.1
Armour         | 4 |  4.1
Maces & Flails | 3 |  3.0

Action                     |  1- 3 |  4- 6 || total
---------------------------+-------+-------++-------
  Melee: Flail             |    47 |    98 ||   145
 Armour: Scale mail        |    34 |    62 ||    96
         Chain mail        |       |    28 ||    28
  Dodge: Dodged            |    24 |    68 ||    92
  Block: Buckler           |    14 |    63 ||    77
         Reflection        |       |     2 ||     2

Table legend: (Time is in decaauts)
 A = Elapsed time spent in this place.
 B = Non-inter-level travel time spent in this place.
 C = Inter-level travel time spent in this place.
 D = Time resting spent in this place.
 E = Time spent auto-exploring this place.
 F = Levels seen in this place.
 G = Mean time per level.
                   A        B        C        D        E       F      G
               +--------+--------+--------+--------+--------+-----+--------+
         Total |   1669 |   1577 |     92 |     78 |   1142 |   3 |  556.3 |
       Dungeon |   1669 |   1577 |     92 |     78 |   1142 |   3 |  556.3 |
               +--------+--------+--------+--------+--------+-----+--------+

Top non-repeatable levels by time:
     D:1: 806 daAuts
     D:2: 758 daAuts
     D:3: 104 daAuts
